 Dungeon Crawl Stone Soup version 0.30.1-11-g7821555f0a (webtiles) character file.

Game seed: 12505930428583789517

311 hawla the Magician (level 6, -2/32 HPs)
             Began as a Deep Elf Fire Elementalist on Jan 3, 2024.
             Slain by Pikel
             ... wielding a +0 whip of electrocution
              (10 damage)
             ... on level 4 of the Dungeon.
             The game lasted 00:06:17 (2387 turns).

hawla the Magician (Deep Elf Fire Elementalist)     Turns: 2387, Time: 00:06:18

Health: -2/32      AC:  3    Str:  5    XL:     6   Next: 18%
Magic:  9/13       EV: 12    Int: 22    God:
Gold:   162        SH:  0    Dex: 15    Spells: 5/12 levels left

rFire   . . .        h - +0 quarterstaff
rCold   . . .        (shield currently unavailable)
rNeg    . . .        a - +0 robe
rPois   .            (no helmet)
rElec   .            (no cloak)
rCorr   .            (no gloves)
SInv    .            i - +0 pair of boots
Will    .....        q - amulet of magic regeneration
Stlth   ++           (no ring)
HPRegen 0.25/turn    (no ring)
MPRegen 0.53/turn

%: no passive effects
@: very slightly contaminated
A: no striking features
a: no special abilities


You were on level 4 of the Dungeon.
You visited 1 branch of the dungeon, and saw 4 of its levels.

You collected 162 gold pieces.

Inventory:

Hand Weapons
 h - a +0 quarterstaff (weapon)
Armour
 a - a +0 robe (worn)
 i - a +0 pair of boots (worn)
 n - a +0 pair of gloves
Jewellery
 q - an amulet of magic regeneration (around neck)
Wands
 s - a wand of quicksilver (19) (quivered)
Scrolls
 f - 2 scrolls of teleportation {unknown}
 g - a scroll of enchant armour {unknown}
 k - 2 scrolls of identify {unknown}
 l - a scroll of immolation {unknown}
 m - 3 scrolls of fog {unknown}
 r - a scroll of enchant weapon {unknown}
 t - a scroll of blinking {unknown}
Potions
 c - a potion of curing {unknown}
 d - a potion of resistance {unknown}
 e - a potion of invisibility
 j - 3 potions of cancellation {unknown}
 o - a potion of heal wounds {unknown}
 p - a potion of might {unknown}


   Skills:
 + Level 0.3 Fighting
 + Level 2.3 Staves
 + Level 2.6 Dodging
 - Level 3.2 Stealth
 + Level 3.9 Spellcasting
 + Level 3.7 Conjurations
 + Level 3.8 Fire Magic
 + Level 3.0 Evocations


You had 5 spell levels left.
You knew the following spells:

 Your Spells              Type           Power      Damage    Failure   Level
a - Foxfire               Conj/Fire      84%        2x1d8     2%          1
b - Scorch                Fire           42%        2d6       3%          2
c - Flame Wave            Conj/Fire      21%        2d8       24%         4

Your spell library contained the following spells:

 Spells                   Type           Power      Damage    Failure   Level
 Magic Dart               Conj           80%        1d7       2%          1
 Inner Flame              Hex/Fire       12%        N/A       16%         3
 Volatile Blastmotes      Fire/Tloc      24%        2d12      16%         3
 Call Imp                 Summ           8%         N/A       17%         2
 Mephitic Cloud           Conj/Pois/Air  9%         N/A       21%         3


Dungeon Overview and Level Annotations

Branches:
Dungeon (4/15)
 Temple: D:4-7

Altars:
Okawaru

Shops:
D:1 (

Annotations:
D:4 Pikel


Message History

The lemure is moderately wounded.
You finish channelling waves of flame.
Unknown command.
There's a creature in the doorway!
Casting: Flame Wave (extremely dangerous; 24% risk of failure)
Confirm with . or Enter, or press ? or * to list all spells.
You don't know that spell.
Casting: Flame Wave (extremely dangerous; 24% risk of failure)
Confirm with . or Enter, or press ? or * to list all spells.
The spell is extremely dangerous to miscast (24% risk of failure)!
Continue anyway?
Casting: Flame Wave (extremely dangerous; 24% risk of failure)
Press: ? - help, Dir - look around, f - activate You miscast Flame Wave.
You are very lightly contaminated with residual magic.
Nothing appears to happen.
The lemure hits you.
Unknown command.
Magic courses through your body. The lemure hits you!
Casting: Flame Wave (extremely dangerous; 24% risk of failure)
Confirm with . or Enter, or press ? or * to list all spells.
The spell is extremely dangerous to miscast (24% risk of failure)!
Continue anyway?
Casting: Flame Wave (extremely dangerous; 24% risk of failure)
Press: ? - help, Dir - look around, f - activate A wave of flame ripples out!
The flame wave engulfs the lemure.
The lemure is severely wounded. (Press . to intensify the flame waves.)
The lemure hits you.
Unknown command.
A wave of flame ripples out!
The flame wave engulfs the lemure!
You kill the lemure!
That felt strangely unrewarding.
The flame wave engulfs Pikel.
Pikel resists.
Pikel is lightly wounded.
A wave of flame ripples out!
The flame wave engulfs Pikel.
Pikel resists.
Pikel is moderately wounded.
The flame wave engulfs the lemure!
The lemure is heavily wounded.
You finish channelling waves of flame.
Pikel hits you with a +0 whip of electrocution!
* * * LOW HITPOINT WARNING * * *
You are electrocuted!
You die...

.. #. ##+## #. ##...## #
#. ##.....##
##.###.##.......##
.................####...
................@K5.5...
....##†..........####...
#.††<#.......##
#.##.##...).## #
#.###...## #.# ##'## ..#
#.# ### #.# #.#


You could see Pikel and 2 lemures.

Vanquished Creatures
  Grinder (D:3)
  2 lemures (D:4)
  An orc priest (D:2)
  Ijyb (D:3)
  3 adders
  A worm (D:2)
  4 orcs (D:2)
  5 endoplasms
  2 giant cockroaches
  3 goblins
  A hobgoblin (D:1)
  4 jackals (D:4)
  4 quokkas
  4 ball pythons
  4 bats
  2 frilled lizards (D:3)
  6 kobolds
  4 rats
52 creatures vanquished.

Vanquished Creatures (others)
  45 foxfires
45 creatures vanquished.

Grand Total: 97 creatures vanquished

Notes
Turn   | Place    | Note
-------+----------+-------------------------------------------
     0 | D:1      | hawla the Deep Elf Fire Elementalist began the quest for
                  | the Orb.
     0 | D:1      | Reached XP level 1. HP: 10/10 MP: 6/6
   245 | D:2      | Noticed an orc priest
   301 | D:1      | Reached XP level 2. HP: 15/15 MP: 6/8
   304 | D:1      | Learned a level 2 spell: Scorch
   385 | D:1      | Found Afeczut's Antique Weapon Emporium.
   521 | D:1      | Found a faded altar of an unknown god.
  1016 | D:2      | Found an iron altar of Okawaru.
  1235 | D:2      | Reached skill level 1 in Staves
  1235 | D:2      | Reached XP level 3. HP: 17/19 MP: 10/10
  1377 | D:2      | Reached XP level 4. HP: 21/24 MP: 2/11
  1384 | D:2      | Learned a level 4 spell: Flame Wave
  1975 | D:3      | Noticed Ijyb
  1983 | D:3      | Killed Ijyb
  2061 | D:3      | Noticed Grinder
  2068 | D:3      | Killed Grinder
  2069 | D:3      | Reached XP level 5. HP: 8/28 MP: 7/12
  2069 | D:3      | Reached XP level 6. HP: 9/32 MP: 7/13
  2376 | D:4      | Noticed Pikel
  2387 | D:4      | Slain by Pikel

Illustrated notes

Levels and vault maps discovered:
D:1:      nzn_arrival_crosshair, layout_basic,
          dreamdust_ecumenical_altar_sealed_demon, serial_shops,
          nicolae_shop_overgrown_old_shop
D:2:      layout_basic, basic_altar, kennysheep_generic_room_3
D:3:      layout_basic, uniq_ijyb, uniq_grinder
D:4:      minmay_bubble_buster, layout_loops_corners, serial_shops,
          nicolae_stop_n_shop_2, uniq_menkaure, uniq_duvessa, uniq_pikel

Skill      XL: |  1  2  3  4 |
---------------+-------------+-----
Staves         | 1 2 |  2.3
Stealth        | 3 |  3.2
Conjurations   | 3 |  3.7
Evocations     | 3 |  3.0
Fighting       | |  0.3
Dodging        | |  2.6
Spellcasting   | |  3.9
Fire Magic     | |  3.8

Action                     |  1- 3 |  4- 6 || total
---------------------------+-------+-------++-------
  Melee: Quarterstaff      |    29 |    18 ||    47
   Cast: Foxfire           |    19 |     9 ||    28
         Scorch            |     6 |    13 ||    19
         Flame Wave        |       |     3 ||     3
  Evoke: Wand              |       |     1 ||     1
    Use: Potion            |       |     1 ||     1
   Stab: Sleeping          |     6 |     3 ||     9
 Armour: Robe              |     6 |     8 ||    14
  Dodge: Dodged            |    23 |    14 ||    37
